 Dungeon Crawl Stone Soup version 0.27.1 (webtiles) character file.

Game seed: 16531187043276823667

155474 dtburroughs the Severer (level 17, -3/234 HPs)
             Began as a Minotaur Berserker on Aug 29, 2021.
             Was a High Priest of Trog.
             Slain by a 17-headed hydra (11 damage)
             ... on level 3 of the Swamp.
             The game lasted 01:36:39 (48030 turns).

dtburroughs the Severer (Minotaur Berserker)       Turns: 48030, Time: 01:36:39

Health: -3/234     AC: 24    Str: 23    XL:     17   Next: 8%
Magic:  0/16       EV: 13    Int: 12    God:    Trog [*****.]
Gold:   2290       SH: 23    Dex: 16    Spells: 16/16 levels left

rFire    . . .     SeeInvis +   p - +1 broad axe of the Lettuce {spect, rPois Int+5}
rCold    . . .     Faith    .   S - +3 tower shield
rNeg     . . .     Spirit   +   a - +2 chain mail {Will+}
rPois    +         Reflect  .   (helmet restricted)
rElec    +         Harm     +   l - +2 cloak
rCorr    .         Rampage  .   E - +0 pair of gloves of the Fiend {Harm rElec rC- SInv}
Will     ++...                  N - +2 pair of boots
Stlth    ..........             m - amulet of guardian spirit
HPRegen  0.49/turn              Q - ring of flight
MPRegen  0.15/turn              H - ring of Xuywk {rC+ Dex+3}

@: berserking, flying, very quick
A: horns 2, retaliatory headbutt
a: Renounce Religion, Berserk, Trog's Hand, Brothers in Arms


You were on level 3 of the Swamp.
You worshipped Trog.
Trog was extremely pleased with you.
You visited 4 branches of the dungeon, and saw 27 of its levels.

You collected 3380 gold pieces.
You spent 1090 gold pieces at shops.

Inventory:

Hand Weapons
 b - a +1 morningstar
 p - the +1 broad axe of the Lettuce (weapon) {spect, rPois Int+5}
   (You acquired it on level 14 of the Dungeon)

   When its wielder attacks, the weapon's spirit leaps out and strikes again.
   The spirit shares a part of any damage it takes with its wielder.
   Int:       It affects your intelligence (+5).
   rPois:     It protects you from poison.
 K - a +1 executioner's axe
Armour
 a - a +2 chain mail of willpower (worn)
 l - a +2 cloak (worn)
 E - the +0 pair of gloves of the Fiend (worn) {Harm rElec rC- SInv}
   (You acquired it on level 13 of the Dungeon)

   rC:        It makes you vulnerable to cold.
   rElec:     It insulates you from electricity.
   SInv:      It lets you see invisible.
   Harm:      It increases damage dealt and taken.
 N - a +2 pair of boots (worn)
 S - a +3 tower shield (worn)
Jewellery
 m - an amulet of guardian spirit (around neck)
 r - a +4 ring of protection
 G - a +4 ring of protection
 H - the ring of Xuywk (right hand) {rC+ Dex+3}
   (You acquired it on level 3 of the Lair of Beasts)

   [ring of protection from cold]

   Dex:       It affects your dexterity (+3).
   rC:        It protects you from cold.
 M - a ring of resist corrosion
 Q - a ring of flight (left hand)
Wands
 g - a wand of charming (20)
 y - a wand of polymorph (29)
 B - a wand of flame (94)
 F - a wand of iceblast (25)
 L - a wand of acid (31)
 P - a wand of digging (13)
 Y - a wand of mindburst (17)
Scrolls
 d - 7 scrolls of identify
 h - 13 scrolls of teleportation
 k - 5 scrolls of immolation
 n - a scroll of enchant armour
 o - 2 scrolls of magic mapping
 q - 4 scrolls of enchant weapon
 s - a scroll of holy word
 w - a scroll of brand weapon
 D - 5 scrolls of fear
 V - 3 scrolls of fog
 Z - a scroll of silence {unknown}
Potions
 c - 3 potions of cancellation
 e - 2 potions of mutation
 i - 4 potions of heal wounds
 j - 3 potions of invisibility
 t - 6 potions of might
 v - a potion of ambrosia {unknown}
 x - a potion of magic {unknown}
 z - 5 potions of lignification
 A - 3 potions of curing
 C - 2 potions of haste
 J - a potion of resistance
 U - 2 potions of degeneration {unknown}
Miscellaneous
 f - a piece from Xom's chessboard (15/15)
 u - a box of beasts
 I - a lightning rod (4/4)
 O - a phantom mirror
 R - a piece from Xom's chessboard (15/15)
 T - a phial of floods


   Skills:
 + Level 15.5 Fighting
 + Level 15.5 Axes
 + Level 15.4 Armour
 + Level 14.2 Dodging
 + Level 14.4 Shields
 + Level 11.4 Evocations


You had 16 spell levels left.
You didn't know any spells.
Your spell library was empty.

Dungeon Overview and Level Annotations

Branches:
Dungeon (15/15)            Temple (0/1) D:6            Lair (6/6) D:11
  Swamp (4/4) Lair:2        Snake (0/4) Lair:2        Slime (0/5) Lair:6
    Orc (2/2) D:10            Elf (0/3) Orc:2        Vaults (0/5) D:13
 Depths (0/5) D:15

Altars:
Makhleb
Nemelex Xobeh
Xom
Beogh
Jiyva

Shops:
D:11 *   Orc:2 (?[[!

Annotations:
D:11 2 transporters
D:15 1 runed translucent door, Zeaboelebb's ghost, journeyman MiMo


Innate Abilities, Weirdness & Mutations

You have a pair of horns on your head.
You reflexively headbutt those who attack you in melee.


Message History

You block the 16-headed hydra's attack.
The 16-headed hydra bites you but does no damage. x2
The 16-headed hydra closely misses you. The 16-headed hydra misses you.
The 16-headed hydra bites you but does no damage.
A red film seems to cover your vision as you go berserk!
You feel yourself moving faster!
You feel mighty! You block the fire bat's attack. x3
The 16-headed hydra bites you but does no damage.
You block the 16-headed hydra's attack. The 16-headed hydra bites you.
* * * LOW HITPOINT WARNING * * *
The 16-headed hydra bites you but does no damage.
The 16-headed hydra completely misses you.
The 16-headed hydra bites you but does no damage.
The 16-headed hydra closely misses you. x2; The 16-headed hydra bites you!
* * * LOW HITPOINT WARNING * * *
You block the 16-headed hydra's attack.
The 16-headed hydra bites you but does no damage.
You block the 16-headed hydra's attack. The 16-headed hydra misses you.
The 16-headed hydra bites you but does no damage.
The 16-headed hydra barely misses you.
The 16-headed hydra bites you but does no damage.
You hack one of the 16-headed hydra's heads off!
The 15-headed hydra grows two more!
You slash the 17-headed hydra!
The 17-headed hydra is heavily wounded.
You slash the fire bat!
Your +1 broad axe of the Lettuce {spect, rPois Int+5} hits the fire bat!
The sentinel's mark upon you fades away.
You block the fire bat's attack.
The 17-headed hydra bites you but does no damage.
You block the 17-headed hydra's attack. The 17-headed hydra bites you.
* * * LOW HITPOINT WARNING * * *
You block the 17-headed hydra's attack. x2
The 17-headed hydra bites you but does no damage. x4
You block the 17-headed hydra's attack. The 17-headed hydra closely misses you.
The 17-headed hydra bites you!
* * * LOW HITPOINT WARNING * * *
The 17-headed hydra bites you!
* * * LOW HITPOINT WARNING * * *
The 17-headed hydra bites you!
You die...

..≈♣ ♣♣♣♣♣♣♣♣♣♣♣♣ ♣♣♣♣♣♣♣
..♣♣♣♣...≈..♣≈≈≈♣♣♣♣≈...≈♣♣
♣......≈≈≈≈.≈.≈≈♣♣≈≈≈≈≈.≈.♣
.≈≈≈≈.≈.≈≈≈.♣♣.....≈≈≈≈...♣ ♣
≈≈≈≈≈...≈≈≈.♣♣≈≈≈..≈≈≈§♣♣♣♣♣♣♣♣ ♣
≈≈≈§.≈≈.≈≈≈.♣♣≈≈≈≈.≈≈≈.♣♣♣ ♣≈≈♣♣♣
≈.≈≈.≈.♣♣.≈≈...≈≈§...≈§.≈♣ ♣≈....
.≈....≈.♣♣≈§....≈D≈..♣♣≈§♣ ♣≈...≈
.....≈≈.♣♣≈≈≈...@§♣♣♣♣♣§♣♣♣♣....§
≈..♣≈≈≈♣♣♣♣.≈≈b.(..♣♣♣♣..♣♣.>≈≈..
..♣♣..♣♣♣ ♣♣.≈.♣♣......§≈≈...≈§≈.
≈.♣♣♣♣♣≈♣♣♣♣♣♣♣♣♣....≈....≈≈..≈≈≈
≈..♣≈≈....§♣♣♣♣ ♣≈.≈..≈≈..§≈≈..≈≈
≈≈....§≈≈..≈..♣♣♣..♣♣..§..≈§≈≈≈≈≈
≈.≈≈..≈≈≈...≈..♣.≈..≈≈≈.....§≈≈≈≈
≈.≈≈≈....♣≈≈≈§...≈≈.§≈≈≈....♣.≈§≈
≈≈≈≈§≈..≈♣.≈≈≈.≈≈§≈≈≈≈≈≈≈≈≈.≈.≈≈§


You could see a 17-headed hydra, a fire bat and a friendly +1 broad axe of the
Lettuce {spect, rPois Int+5} (summoned).

Vanquished Creatures
  A thorn hunter (Swamp:4)
  A fenstrider witch (Swamp:3)
  3 ghouls (Swamp:3)
  3 dire elephants
  7 bunyips
  Snorg (Lair:5)
  4 eleionomae
  3 fire dragons
  2 shambling mangroves
  Josephine (Lair:6)
  6 boulder beetles
  A catoblepas (D:15)
  Erica (D:8)
  A merfolk avatar (Lair:6)
  2 ghost crabs
  11 hydras
  3 death knights
  6 centaur warriors
  6 death yaks
  8 alligators
  4 two-headed ogres
  Nergalle (D:10)
  A fire crab (Swamp:4)
  5 skeletal warriors (D:12)
  4 slime creatures (D:12)
  2 sea snakes (Lair:6)
  5 spriggan druids
  5 goliath frogs
  12 swamp dragons
  2 deep trolls (D:15)
  9 bog bodies
  A wizard (D:15)
  4 orc knights
  A necromancer (D:15)
  A phantasmal warrior (D:13)
  An orc sorcerer (D:15)
  Pikel (D:8)
  4 deep elf pyromancers
  3 manticores
  30 elephants
  5 will-o-the-wisps
  5 cyclopes
  A guardian serpent (shapeshifter) (D:12)
  9 black mambas
  2 torpor snails
  3 gargoyles
  2 unseen horrors
  16 cane toads
  13 komodo dragons
  2 freezing wraiths (D:13)
  5 rime drakes
  3 trolls
  7 tyrant leeches
  3 polar bears (Lair:5)
  2 wind drakes (Lair:6)
  2 snapping turtles (Lair:6)
  7 hornets
  17 blink frogs
  4 dream sheep (Lair:5)
  Prince Ribbit (D:8)
  6 spriggans
  2 water elementals (D:15)
  A tarantella (shapeshifter) (D:15)
  A vampire (D:9)
  10 wraiths
  53 yaks
  2 fire bats
  4 wyverns
  11 humans (D:13)
  3 basilisks
  9 vampire mosquitoes
  9 steam dragons
  19 swamp worms
  2 nagas (Lair:2)
  6 wargs
  2 acid dragons
  20 water moccasins
  35 orc warriors
  11 swamp drakes
  2 necrophages
  4 black bears
  16 wolves
  8 ogres
  27 centaurs
  2 phantoms (D:5)
  2 lemures (D:8)
  A kobold brigand (D:7)
  A gnoll sergeant (D:8)
  14 bullfrogs
  3 scorpions
  2 water moccasin zombies (D:6)
  13 killer bees
  3 wights (D:9)
  4 howler monkeys
  7 electric eels
  6 centaur zombies
  2 jellies (D:6)
  3 bullfrog zombies
  A gnoll shaman (D:8)
  A hound (D:4)
  2 bullfrog skeletons
  12 orc priests
  Crazy Yiuf (D:2)
  7 hell rats
  5 iguanas
  19 orc wizards
  4 adders
  13 gnolls
  A white imp (D:8)
  An ufetubus (D:7)
  An adder zombie (D:4)
  A worm (D:2)
  3 dart slugs
  60 orcs
  6 bats
  10 endoplasms
  8 giant cockroaches
  11 goblins
  4 hobgoblins
  3 jackals (D:4)
  8 kobolds
  3 quokkas
  6 ball pythons
  9 frilled lizards
  4 rats
  2 briar patches (Swamp:4)
808 creatures vanquished.

Vanquished Creatures (collateral kills)
  A Tzitzimitl (Lair:2)
  An alligator (Swamp:1)
  A spriggan druid (Swamp:4)
  A tyrant leech (Swamp:4)
  2 spriggans (Swamp:4)
6 creatures vanquished.

Vanquished Creatures (others)
  A bunyip (Swamp:1)
  A vault guard (D:13)
  An alligator (Swamp:1)
  2 goliath frogs
  3 swamp dragons
  A bog body (Swamp:1)
  2 lindwurms (Swamp:4)
  A will-o-the-wisp (Swamp:1)
  A hornet (Swamp:1)
  A spriggan (Swamp:1)
  A steam dragon (Swamp:4)
  A swamp worm (Swamp:1)
  5 swamp drakes (Swamp:4)
  A bush (Lair:3)
  19 foxfires
  158 fungi
  204 plants
403 creatures vanquished.

Grand Total: 1217 creatures vanquished

Notes
Turn   | Place    | Note
-------+----------+-------------------------------------------
     0 | D:1      | dtburroughs the Minotaur Berserker began the quest for the
                  | Orb.
     0 | D:1      | Reached XP level 1. HP: 19/19 MP: 0/0
   228 | D:1      | Reached XP level 2. HP: 27/27 MP: 1/1
   797 | D:1      | Reached ** piety under Trog
  1076 | D:1      | Found a sparkling altar of Nemelex Xobeh.
  1163 | D:2      | Reached XP level 3. HP: 30/33 MP: 2/2
  1312 | D:2      | Noticed a great orb of eyes
  1605 | D:2      | Found a faded altar of an unknown god.
  1611 | D:2      | Noticed a great orb of eyes
  1626 | D:2      | Noticed a shining eye
  1626 | D:2      | Noticed a golden eye
  1835 | D:2      | Found a runed translucent door.
  1836 | D:2      | Noticed Crazy Yiuf
  2040 | D:2      | Reached XP level 4. HP: 40/40 MP: 3/3
  2267 | D:2      | Killed Crazy Yiuf
  3309 | D:4      | Reached XP level 5. HP: 38/47 MP: 2/4
  3428 | D:4      | Reached *** piety under Trog
  3610 | D:4      | Reached skill level 5 in Fighting
  3610 | D:4      | Reached skill level 5 in Axes
  3610 | D:4      | Reached XP level 6. HP: 50/56 MP: 1/5
  4346 | D:5      | Entered Level 5 of the Dungeon
  4400 | D:5      | Reached skill level 5 in Armour
  4400 | D:5      | Reached XP level 7. HP: 38/62 MP: 2/6
  4845 | D:5      | Reached skill level 5 in Dodging
  5143 | D:6      | Reached skill level 1 in Shields
  5143 | D:6      | Reached XP level 8. HP: 71/71 MP: 7/7
  5167 | D:6      | Found a staircase to the Ecumenical Temple.
  5664 | D:6      | Found a burning altar of Makhleb.
  6109 | D:6      | Reached skill level 1 in Evocations
  6956 | D:7      | Reached **** piety under Trog
  6965 | D:7      | Reached XP level 9. HP: 65/79 MP: 8/8
  8298 | D:8      | Noticed Pikel
  8346 | D:8      | Killed Pikel
  8347 | D:8      | Reached skill level 5 in Shields
  8699 | D:8      | Paralysed by a hornet for 2 turns
  8949 | D:8      | Noticed Prince Ribbit
  8954 | D:8      | Killed Prince Ribbit
  9389 | D:8      | Noticed Erica
  9417 | D:8      | Killed Erica
  9418 | D:8      | Reached XP level 10. HP: 45/90 MP: 4/9
 10137 | D:9      | Noticed a cyclops
 10144 | D:9      | Killed a cyclops
 10680 | D:10     | Entered Level 10 of the Dungeon
 10681 | D:10     | Found a staircase to the Orcish Mines.
 10727 | D:10     | Noticed Nergalle
 10740 | D:10     | Killed Nergalle
 10868 | D:10     | Noticed a centaur warrior
 10882 | D:10     | Killed a centaur warrior
 10883 | D:10     | Reached skill level 5 in Evocations
 10883 | D:10     | Reached XP level 11. HP: 55/97 MP: 6/10
 11967 | D:11     | Noticed a two-headed ogre
 11979 | D:11     | Killed a two-headed ogre
 11980 | D:11     | Reached skill level 10 in Fighting
 11980 | D:11     | Reached skill level 10 in Axes
 11998 | D:11     | Noticed a two-headed ogre
 12012 | D:11     | Killed a two-headed ogre
 12228 | D:11     | Found a staircase to the Lair.
 12238 | D:11     | Reached skill level 10 in Armour
 12647 | D:11     | Noticed a fire crab
 12649 | D:11     | Found a transporter.
 12908 | D:11     | Found a transporter.
 12935 | D:11     | Noticed a fire crab
 13028 | D:11     | Found Pyowion's General Store.
 13580 | D:11     | Bought a +2 vorpal broad axe for 270 gold pieces
 13968 | Lair:1   | Entered Level 1 of the Lair of Beasts
 14310 | Lair:1   | Reached XP level 12. HP: 108/108 MP: 11/11
 15354 | Lair:1   | Noticed a four-headed hydra
 15361 | Lair:1   | Killed a four-headed hydra
 15490 | Lair:1   | Reached skill level 10 in Dodging
 16072 | Lair:2   | Noticed a four-headed hydra
 16090 | Lair:2   | Killed a four-headed hydra
 16669 | Lair:2   | Found a staircase to the Snake Pit.
 17463 | Lair:2   | Noticed a four-headed hydra
 17783 | Lair:2   | Killed a four-headed hydra
 18168 | Lair:2   | Reached ***** piety under Trog
 18436 | Lair:2   | Reached skill level 10 in Shields
 18781 | Lair:2   | Found a staircase to the Swamp.
 19198 | Lair:3   | Reached XP level 13. HP: 95/117 MP: 12/12
 19846 | Lair:3   | Noticed a dire elephant
 19862 | Lair:2   | Killed a dire elephant
 22772 | Lair:3   | Identified a scroll of acquirement
 22773 | Lair:3   | Acquired the ring of Xuywk {rC+ Dex+3}
 23380 | Lair:4   | Received a gift from Trog
 25631 | Lair:5   | Reached XP level 14. HP: 116/127 MP: 11/13
 26343 | Lair:6   | Entered Level 6 of the Lair of Beasts
 27054 | Lair:6   | Noticed Snorg
 27359 | Lair:5   | Killed Snorg
 28494 | Lair:5   | Reached ****** piety under Trog
 29663 | Lair:6   | Paralysed by a hornet for 2 turns
 30019 | Lair:6   | Found a viscous altar of Jiyva.
 30027 | Lair:6   | Found a staircase to the Slime Pits.
 30305 | Lair:6   | Noticed Josephine
 30792 | Lair:6   | Killed Josephine
 30896 | Lair:5   | Received a gift from Trog
 31544 | D:12     | Reached XP level 15. HP: 119/137 MP: 12/14
 32533 | D:12     | Identified the +1 trident "Ageseeze" {flame, rC+ Int+8}
 34806 | D:13     | Reached skill level 10 in Evocations
 34884 | D:13     | Found a gate to the Vaults.
 35819 | D:13     | Acquired the +0 pair of gloves of the Fiend {Harm rElec rC-
                  | SInv}
 35842 | D:14     | Acquired 848 gold pieces
 35846 | D:14     | Acquired the +1 broad axe of the Lettuce {spect, rPois
                  | Int+5}
 36052 | D:15     | Entered Level 15 of the Dungeon
 36506 | D:15     | Found a runed translucent door.
 36680 | D:15     | Received a gift from Trog
 36833 | D:15     | Found a shimmering altar of Xom.
 36833 | D:15     | Noticed Zeaboelebb's ghost (journeyman MiMo)
 37282 | D:15     | Found a staircase to the Depths.
 38254 | Orc:1    | Entered Level 1 of the Orcish Mines
 39109 | Orc:2    | Entered Level 2 of the Orcish Mines
 39404 | Orc:2    | Received a gift from Trog
 39596 | Orc:2    | Found Zeolul's Weapon Shop.
 39973 | Orc:2    | Found Josuab's Antique Armour Shop.
 39973 | Orc:2    | Found Ziuwk's Armour Emporium.
 40010 | Orc:2    | Found Etiaplus's Magic Scroll Shoppe.
 40170 | Orc:2    | Found Payhi's Distillery.
 40177 | Orc:2    | Bought a scroll of enchant armour for 127 gold pieces
 40177 | Orc:2    | Bought a scroll of enchant armour for 127 gold pieces
 40177 | Orc:2    | Bought a scroll of fear for 59 gold pieces
 40182 | Orc:2    | Bought a potion of lignification for 39 gold pieces
 40182 | Orc:2    | Bought a potion of heal wounds for 65 gold pieces
 40182 | Orc:2    | Bought a potion of curing for 39 gold pieces
 40182 | Orc:2    | Bought a potion of might for 52 gold pieces
 40182 | Orc:2    | Bought a potion of heal wounds for 65 gold pieces
 40182 | Orc:2    | Bought a potion of mutation for 104 gold pieces
 40182 | Orc:2    | Bought a potion of lignification for 39 gold pieces
 40182 | Orc:2    | Bought a potion of cancellation for 104 gold pieces
 40245 | Orc:2    | Found a staircase to the Elven Halls.
 40555 | Swamp:1  | Entered Level 1 of the Swamp
 40652 | Swamp:1  | Reached XP level 16. HP: 140/147 MP: 15/15
 40764 | Swamp:1  | Noticed a Tzitzimitl
 40769 | Lair:2   | Killed a Tzitzimitl
 40886 | Swamp:1  | HP: 9/220 [eight-headed hydra (9)]
 42600 | Swamp:2  | Received a gift from Trog
 43567 | Swamp:3  | Reached skill level 15 in Axes
 43578 | Swamp:2  | Reached skill level 15 in Fighting
 44443 | Swamp:3  | Reached skill level 15 in Armour
 44919 | Swamp:3  | Identified the +2 buckler of Generosity {*Corrode MP+9
                  | Int+3}
 45184 | Swamp:4  | Entered Level 4 of the Swamp
 45502 | Swamp:4  | Noticed a thorn hunter
 45525 | Swamp:4  | Killed a thorn hunter
 46319 | Swamp:4  | Received a gift from Trog
 47063 | Swamp:4  | Reached XP level 17. HP: 80/156 MP: 10/16
 48030 | Swamp:3  | HP: 8/234 [17-headed hydra (12)]
 48030 | Swamp:3  | Slain by a 17-headed hydra

Illustrated notes

Levels and vault maps discovered:
D:1:      dpeg_arrival_lava_altar, layout_loops_ring, minivault_14, st_stairs_7
D:2:      layout_loops_ring, hellmonk_ecumenical_altar_watching_god,
          grunt_decor_fettered, uniq_crazy_yiuf_cottage
D:3:      layout_loops_ring
D:4:      layout_cave_pools
D:5:      layout_rooms, minmay_misc_feat_secret_circle
D:6:      layout_basic, kennysheep_mini, minmay_temple_entry_ruins
D:7:      layout_basic, columned_hall_lemuel
D:8:      layout_cave_pods, st_stairs_3, uniq_pikel, uniq_prince_ribbit1,
          uniq_erica
D:9:      layout_rooms
D:10:     layout_loops_ring, minmay_orc_entry_guard_dogs, minivault_19,
          uniq_nergalle
D:11:     gammafunk_wand_slinger, layout_irregular_city,
          due_lair_maze_entry_diamond, hangedman_abyss_or_decor_slice,
          kennysheep_windowed_goal
D:12:     layout_roguey, grunt_ministairs_14
D:13:     layout_loops_cross, ximxim_vaults_locker_room
D:14:     layout_gridville
D:15:     hangedman_depths_entry_civil_slaughter, layout_basic,
          ebering_ghost_xom, minmay_fountain_box
Lair:1:   layout_hall_layers, beast_lair_carwin_6
Lair:2:   layout_hall_layers, nicolae_swamp_entry_splash_gauntlet,
          guppyfry_snake_entry_garden, lemuel_fruit_tree
Lair:3:   mu_elephants_graveyard, layout_cave_pods, serial_bayou_lake_a
Lair:4:   layout_layer_cave, chequers_serial_rivers_micro_c,
          hibernation_bobbens, serial_bayou_shore_a
Lair:5:   layout_gridlike, portal_ice_cave_entry_pillars_1
Lair:6:   gammafunk_lair_ancient_temple, layout_regular_city, slime_altar_1,
          uniq_snorg, uniq_josephine
Swamp:1:  layout_basic_swamp, evilmike_swamp_ruin_house_1, swamp_pool5
Swamp:2:  layout_basic_swamp, infiniplex_staircase_pool, swamp_pool5,
          nicolae_swamp_some_circles
Swamp:3:  layout_basic_swamp, evilmike_swamp_ruin_rubble_2, swamp_pool4
Swamp:4:  swamp_fiery, layout_basic_swamp, worms_lemuel
Orc:1:    layout_caves, basic_altar
Orc:2:    st_orc_rangers, layout_diamond_mine, serial_shops, shop

Skill      XL: |  1  2  3  4  5  6  7  8  9 10 11 12 13 14 15 16 |
---------------+-------------------------------------------------+-----
Fighting       | 4 5 6 7 8 9 10 11 12 13 14 15 | 15.5
Axes           | 4 5 6 7 8 9 10 11 12 13 14 15 | 15.5
Armour         | 3 4 5 6 7 8 9 10 11 12 13 14 15 | 15.4
Dodging        | 3 4 5 6 7 8 9 10 11 12 13 14 | 14.2
Shields        | 1 3 5 7 8 10 11 12 13 14 | 14.4
Evocations     | 1 3 5 6 7 8 9 10 11 | 11.4

Action                   |  1- 3 |  4- 6 |  7- 9 | 10-12 | 13-15 | 16-18 || total
-------------------------+-------+-------+-------+-------+-------+-------++-------
Melee: Hand axe          |    87 |    50 |   127 |   317 |       |       ||   581
       Headbutt          |    14 |    25 |    58 |   130 |   450 |   114 ||   791
       War axe           |       |    67 |   161 |       |       |       ||   228
       Broad axe         |       |       |       |   243 |  1324 |   356 ||  1923
       Morningstar       |       |       |       |    16 |    20 |    33 ||    69
Invok: Berserk           |       |     3 |     3 |     8 |     8 |     3 ||    25
       Trog's Hand       |       |       |     1 |     4 |     2 |     1 ||     8
       Brothers in Arms  |       |       |       |       |       |     3 ||     3
Evoke: Wand              |       |       |     4 |     3 |     7 |     9 ||    23
  Use: Scroll            |       |       |     2 |     9 |    26 |     3 ||    40
       Potion            |       |       |       |     1 |     2 |     6 ||     9
 Stab: Sleeping          |     1 |       |       |       |       |       ||     1
       Distracted        |       |       |       |       |     5 |     5 ||    10
       Confused          |       |       |       |       |       |     1 ||     1
Armor: Animal skin       |    14 |       |       |       |       |       ||    14
       Ring mail         |     9 |    21 |       |       |       |       ||    30
       Plate armour      |       |    68 |   182 |   377 |   576 |       ||  1203
       Chain mail        |       |       |       |       |    72 |   195 ||   267
Dodge: Dodged            |    52 |    59 |   104 |   213 |   654 |   176 ||  1258
Block: Buckler           |       |       |    91 |   232 |   538 |       ||   861
       Tower shield      |       |       |       |       |   391 |   560 ||   951
